 Dungeon Crawl Stone Soup version 0.16-a0-3280-g3a29b53 (webtiles) character file.

6 Ololoev the Charlatan (level 1, -1/13 HPs)
             Began as a High Elf Artificer on Dec 24, 2014.
             Slain by a jackal (2 damage)
             ... on level 1 of the Dungeon.
             The game lasted 00:01:25 (344 turns).

Ololoev the Charlatan (High Elf Artificer)           Turns: 344, Time: 00:01:25

Health: -1/13      AC:  3    Str: 10    XL:     1   Next: 75%
Magic:  2/2        EV: 12    Int: 20    God:
Gold:   59         SH:  0    Dex: 15    Spells: 0 memorised, 0 levels left

rFire  . . .     SeeInvis .     a - +0 short sword
rCold  . . .     Clarity  .     e - +0 leather armour
rNeg   . . .     SustAb   .     (no shield)
rPois  .         Gourm    .     (no helmet)
rElec  .         Spirit   .     (no cloak)
rCorr  .         Warding  .     (no gloves)
rMut   .         Stasis   .     (no boots)
MR     .....                    (no amulet)
Stlth  ++........               (no ring)
                                (no ring)

@: brilliant, not resistant to hostile enchantments, unstealthy
A: no striking features
a: no special abilities


You were on level 1 of the Dungeon.
You were not hungry.

You visited 1 branch of the dungeon, and saw 1 of its levels.

You collected 59 gold pieces.

Notes
Turn   | Place    | Note
--------------------------------------------------------------
     0 | D:1      | Ololoev, the High Elf Artificer, began the quest for the Orb.
     0 | D:1      | Reached XP level 1. HP: 13/13 MP: 2/2
   344 | D:1      | Slain by a jackal

Inventory:

Hand weapons
 a - a +0 short sword (weapon)
Armour
 e - a +0 leather armour (worn)
Magical devices
 b - a wand of flame (15)
 c - a wand of enslavement (15)
 d - a wand of random effects (13)
Scrolls
 h - a scroll of fear {unknown}
Comestibles
 f - a bread ration
 i - 5 fruits

Table legend:
 A = Turns spent in this place as a percentage of turns spent in the entire game.
 B = Non-inter-level travel turns spent in this place as a percentage of non-inter-level travel turns spent in the entire game.
 C = Inter-level travel turns spent in this place as a percentage of turns spent in this place.
 D = Turns resting spent in this place as a percentage of non-inter-level travel turns spent in this place.
 E = Turns spent auto-exploring this place as a percentage of non-inter-level travel turns spent in this place.
 F = Non-inter-level travel turns spent in this place divided by the number of levels of this place that you've seen.
                   A       B       C       D       E      F
               +-------+-------+-------+-------+-------+----------------------
         Total | 100.0 | 100.0 |   0.0 |   3.3 |  16.7 |  90.0
       Dungeon | 100.0 | 100.0 |   0.0 |   3.3 |  16.7 |  90.0
               +-------+-------+-------+-------+-------+----------------------


   Skills:
 - Level 1.0 Fighting
 - Level 1.2 Short Blades
 + Level 2.4 Dodging
 - Level 1.1 Stealth
 * Level 3.3 Evocations


You couldn't memorise any spells.
You didn't know any spells.

Dungeon Overview and Level Annotations

Branches:
Dungeon (1/15)

Altars:


Message History

You hit the jackal but do no damage.
The jackal is moderately wounded.
The jackal bites you. The jackal misses you.
The jackal bites you but does no damage.
You closely miss the jackal.
The jackal is moderately wounded.
The jackal misses you. The jackal bites you. The jackal bites you.
You barely miss the jackal.
The jackal bites you but does no damage.
The jackal closely misses you.
The jackal bites you but does no damage.
You barely miss the jackal. The jackal bites you.
The jackal closely misses you.
A jackal comes into view.
Evoke which item? (* to show all) (? for menu, Esc to quit)
Zapping:
d - a wand of random effects (15)
Press: ? - help, Shift-Dir - straight line, f - hobgoblin
Aim: a hobgoblin The bolt of negative energy misses the jackal.
The bolt of negative energy hits the hobgoblin.
The hobgoblin is drained!
You kill the hobgoblin!
This wand has 14 charges left.
The jackal bites you. The jackal bites you.
The jackal bites you but does no damage.
Unknown command.
Drink which item? (? for menu, Esc to quit)
It was a potion of brilliance.
You feel clever all of a sudden. The bat hits you but does no damage.
The jackal bites you but does no damage.
The jackal closely misses you. x2
The jackal barely misses you. x3
Evoke which item? (* to show all) (? for menu, Esc to quit)
Zapping:
d - a wand of random effects (14)
Press: ? - help, Shift-Dir - straight line, f - jackal
Aim: a jackal (chance 71%)
The jackal is charmed.
This wand has 13 charges left.
The bat hits your jackal but does no damage.
The jackal misses you. The jackal bites you.
You die...

... ... ..#. #.# ...g #.#
#.#.#####.# ..... #.#
###.#...[...#
.......###.####
#.......###.#
#............###.#.###.###.#
####...##h##.##......†.....#
.h.hh#.
#h##....................
#### ..
#.#####h.#.###.######### ###
#.# #@h#.###.#
########.#####hh......#
.........g...)b##.#####
########..........#
############


You could see 3 jackals, a bat and a friendly jackal.

Table legend:
 A = Kills in this place as a percentage of kills in entire the game.
 B = Kills by you in this place as a percentage of kills by you in the entire game.
 C = Kills by friends in this place as a percentage of kills by friends in the entire game.
 D = Other kills in this place as a percentage of other kills in the entire game.
 E = Experience gained in this place as a percentage of experience gained in the entire game.
 F = Experience gained in this place divided by the number of levels of this place that you have seen.
                   A       B       C       D       E      F
               +-------+-------+-------+-------+-------+----------------------
         Total | 100.0 | 100.0 |  -nan |  -nan | 100.0 |   9.0
       Dungeon | 100.0 | 100.0 |  -nan |  -nan | 100.0 |   9.0
               +-------+-------+-------+-------+-------+----------------------

Vanquished Creatures
  A hobgoblin (D:1)
  2 jackals (D:1)
  A bat (D:1)
  2 rats (D:1)
6 creatures vanquished.

Action                   || total
-------------------------++-------
Melee: Short sword       ||    29
Evoke: Wand              ||     2
  Use: Potion            ||     1

Vault maps used:
D:1:      minmay_arrival_open_corners, kennysheep_minor_cross,
          serial_bayou_pond_b, solitary_fountain
